 Dungeon Crawl Stone Soup version 0.19.5 (webtiles) character file.

475 galech the Cudgeler (level 7, 0/74 HPs)
             Began as an Ogre Fighter on Mar 1, 2017.
             Killed from afar by palomides's ghost (10 damage)
             ... with a puff of frost
             ... on level 4 of the Dungeon.
             The game lasted 00:09:40 (4136 turns).

galech the Cudgeler (Ogre Fighter)                  Turns: 4136, Time: 00:09:42

Health: 0/74       AC:  3    Str: 26    XL:     7   Next: 10%
Magic:  7/7        EV:  8    Int:  7    God:
Gold:   188        SH: 15    Dex: 14    Spells: 0 memorised, 6 levels left

rFire  . . .     SeeInvis .     a - +0 flail
rCold  . . .     Gourm    .     b - +0 robe
rNeg   . . .     Faith    .     v - +0 large shield
rPois  .         Spirit   .     (helmet restricted)
rElec  .         Reflect  .     (no cloak)
rCorr  .         Harm     .     (gloves unavailable)
MR     .....                    (boots unavailable)
Stlth  +.........               (no amulet)
                                y - +5 ring of dexterity
                                e - +2 ring of strength

@: no status effects
A: unfitting armour, tough skin 1
a: no special abilities


You were on level 4 of the Dungeon.
You were not hungry.

You visited 1 branch of the dungeon, and saw 4 of its levels.

You collected 188 gold pieces.

Inventory:

Hand Weapons
 a - a +0 flail (weapon)
Armour
 b - a +0 robe (worn)
 c - a +0 shield
 m - a +0 large shield
 v - a +0 large shield (worn)
Jewellery
 e - a +2 ring of strength (left hand)
 y - a +5 ring of dexterity (right hand)
Wands
 x - a wand of polymorph (5/24)
Scrolls
 g - 2 scrolls of amnesia
 i - 4 scrolls of teleportation
 j - a scroll of random uselessness {unknown}
 k - 6 scrolls of remove curse
 l - a scroll of magic mapping {unknown}
 p - 2 scrolls of enchant armour {unknown}
 r - a scroll of recharging {unknown}
 s - 2 scrolls of fear
 t - a scroll of identify {unknown}
Potions
 n - 2 potions of cure mutation {unknown}
 o - 2 potions of lignification {unknown}
 q - a potion of beneficial mutation {unknown}
 u - 2 potions of agility {unknown}
 w - 2 potions of curing {unknown}
Comestibles
 d - 3 chunks of flesh
 f - 4 bread rations
 h - a meat ration


   Skills:
 + Level 5.7 Fighting
 + Level 6.3 Maces & Flails
 + Level 3.8 Dodging
 + Level 0.4 Stealth
 + Level 4.1 Shields


You had 6 spell levels left.
You didn't know any spells.

Dungeon Overview and Level Annotations

Branches:
Dungeon (4/15)
 Temple: D:4-7

Altars:
Qazlal

Annotations:
D:4 palomides's ghost, amateur DsIE


Innate Abilities, Weirdness & Mutations

You are too large for most types of armour.
You have tough skin. (AC +1)


Message History

You are too injured to fight recklessly!
You are too injured to fight recklessly!
You are too injured to fight recklessly!
You sock palomides's ghost!
Palomides's ghost is almost destroyed.
Palomides's ghost gestures at you while chanting.
You are frozen.
* * * LOW HITPOINT WARNING * * *
You closely miss palomides's ghost.
Palomides's ghost is almost destroyed.
Palomides's ghost hits you but does no damage.
You closely miss palomides's ghost.
Palomides's ghost is almost destroyed.
Palomides's ghost hits you!
* * * LOW HITPOINT WARNING * * *
You barely miss palomides's ghost.
Palomides's ghost is almost destroyed.
Palomides's ghost points at you and mumbles some strange words.
The puff of frost hits you!
You die...

................)..#.....##
........................##
##....########...)......#
###### ##.........#
#.........####
#....##....[.#
#...########## #.W## #.@#
#..# # #..## ## #...# .#
##..## ## ##..## #
#####..## #.....[.##
#.#####..###


You could see palomides's ghost.

Vanquished Creatures
  Menkaure (D:4)
  Duvessa (D:4)
  Dowan (D:4)
  A hound (D:3)
  Robin (D:4)
  4 adders
  3 worms
  2 dart slugs
  3 leopard geckos
  11 orcs
  5 bats
  4 giant cockroaches
  10 hobgoblins
  6 jackals
  5 kobolds
  4 quokkas
  3 frilled lizards (D:1)
  13 goblins
  3 rats
81 creatures vanquished.

Notes
Turn   | Place    | Note
-------+----------+-------------------------------------------
     0 | D:1      | galech the Ogre Fighter began the quest for the Orb.
     0 | D:1      | Reached XP level 1. HP: 24/24 MP: 1/1
   183 | D:1      | Reached skill level 3 in Maces & Flails
   183 | D:1      | Reached XP level 2. HP: 31/32 MP: 2/2
   700 | D:2      | Reached XP level 3. HP: 32/39 MP: 3/3
  1527 | D:3      | Reached XP level 4. HP: 32/49 MP: 4/4
  1776 | D:3      | Reached skill level 4 in Maces & Flails
  2251 | D:4      | Found a stormy altar of Qazlal.
  2264 | D:4      | Noticed Duvessa
  2265 | D:4      | Noticed Dowan
  2297 | D:3      | Reached XP level 5. HP: 29/55 MP: 5/5
  2306 | D:4      | HP: 2/55 [Duvessa/short sword (3)]
  2310 | D:4      | Killed Duvessa
  2310 | D:4      | Reached skill level 5 in Fighting
  2310 | D:4      | Reached skill level 5 in Maces & Flails
  2310 | D:4      | Reached XP level 6. HP: 3/66 MP: 6/6
  2622 | D:4      | Killed Dowan
  2639 | D:4      | Noticed Robin
  3023 | D:4      | Killed Robin
  3091 | D:4      | Noticed palomides's ghost (amateur DsIE)
  3633 | D:4      | Noticed Menkaure
  3640 | D:4      | Killed Menkaure
  3640 | D:4      | Reached skill level 6 in Maces & Flails
  3640 | D:4      | Reached XP level 7. HP: 73/74 MP: 7/7
  4136 | D:4      | Killed from afar by palomides's ghost

Skill      XL: |  1  2  3  4  5  6 |
---------------+-------------------+-----
Maces & Flails | 3 4 5 6 |  6.3
Shields        | 3 4 |  4.1
Dodging        | 3 |  3.8
Fighting       | 5 |  5.7
Stealth        | |  0.4

Action                   |  1- 3 |  4- 6 |  7- 9 || total
-------------------------+-------+-------+-------++-------
Melee: Flail             |   150 |   163 |    59 ||   372
       Unarmed           |       |    13 |       ||    13
  Use: Scroll            |       |     4 |       ||     4
       Potion            |       |     1 |       ||     1
  Eat: Chunk             |     2 |     7 |     2 ||    11
Armor: Robe              |    37 |    25 |     6 ||    68
Dodge: Dodged            |    42 |    42 |    19 ||   103
Block: Shield            |    32 |       |       ||    32
       Large shield      |    60 |   139 |    46 ||   245
